 Dungeon Crawl Stone Soup version 0.28-a0-476-g0f06bd746f (webtiles) character file.

Game seed: 16229069380419287544

552 Umoon the Skirmisher (level 7, 0/54 HPs)
             Began as a Djinni Cinder Acolyte on Sept 16, 2021.
             Was a Follower of Ignis.
             Slain by Duvessa (9 damage)
             ... on level 3 of the Dungeon.
             The game lasted 00:10:18 (5063 turns).

Umoon the Skirmisher (Djinni Cinder Acolyte)        Turns: 5063, Time: 00:10:19

Health: 0/54       AC: 16    Str: 14    XL:     7   Next: 55%
Gold:   103        EV:  9    Int: 15    God:    Ignis [*.....] SH:  0 Dex: 10

rFire   + + +      SeeInvis .   s - +2 flail (protect)
rCold   x . .      Faith    .   (no shield)
rNeg    . . .      Spirit   .   j - +0 scale mail
rPois   ∞          Reflect  .   g - +0 helmet
rElec   .          Harm     .   (no cloak)
rCorr   .          Rampage  .   k - +0 pair of gloves
Will    .....                   (boots unavailable)
Stlth   ..........              (no amulet)
HPRegen 0.18/turn               (no ring)
MPRegen 0.00/turn               (no ring)

@: under a protective aura, flying
A: sickness immunity, fire resistance 2, cold vulnerability 1, float, innate
caster, hp casting, extra vitality 1
a: Renounce Religion, Sea of Fire, Foxfire Swarm


You were on level 3 of the Dungeon.
You worshipped Ignis.
Ignis was aware of your devotion.
You visited 1 branch of the dungeon, and saw 4 of its levels.

You collected 103 gold pieces.

Inventory:

Hand Weapons
 a - a -1 hand axe of flaming
 f - a +2 vorpal falchion
 s - a +2 flail of protection (weapon)
Armour
 b - a +0 robe
 g - a +0 helmet (worn)
 j - a +0 scale mail (worn)
 k - a +0 pair of gloves (worn)
Jewellery
 h - a ring of fire
Wands
 q - a wand of paralysis (5)
Scrolls
 i - 6 scrolls of identify {unknown}
 l - a scroll of noise {unknown}
 m - a scroll of fear {unknown}
 o - a scroll of enchant weapon {unknown}
 r - a scroll of amnesia {unknown}
 v - a scroll of teleportation {unknown}
 w - a scroll of magic mapping {unknown}
Potions
 c - a potion of ambrosia {unknown}
 d - a potion of haste {unknown}
 e - a potion of curing {unknown}
 n - a potion of mutation {unknown}
 p - a potion of resistance {unknown}
 t - a potion of experience {unknown}
 u - a potion of degeneration {unknown}


   Skills:
 * Level 5.0 Fighting
 * Level 4.1 Axes
 * Level 3.7 Armour
 + Level 3.2 Spellcasting


You had 5 spell levels left.
You knew the following spells:

 Your Spells              Type           Power      Damage    Failure   Level
a - Scorch                Fire           24%        2d6       30%         2
b - Apportation           Tloc           24%        N/A       21%         1
c - Wereblood             Tmut           12%        N/A       30%         2
d - Passwall              Tmut/Erth      10%        N/A       30%         2
Your spell library was empty.

Dungeon Overview and Level Annotations

Branches:
Dungeon (4/15)
 Temple: D:4-7

Altars:

Annotations:
D:3 Dowan, Duvessa


Innate Abilities, Weirdness & Mutations

You are immune to sickness and miasma.
You are immune to poison.
Your flesh is very heat resistant. (rF++)
You are vulnerable to cold. (rC-)
You float through the air rather than walking.
You learn spells naturally, not from books.
Your magical power is your life essence.
You have superior vitality. (+4 HP)


Message History

You fly upwards.
There is a stone staircase leading down, spattered with blood here.
Things that are here:
a +0 robe; a +0 dagger; an orc corpse You reach down and open the door.
Duvessa hits you with a +3 rapier of freezing.
Duvessa freezes you. Dowan closely misses you.
There is an open door here.
Duvessa says, "Where magic fails, the sword succeeds!"
You sock Duvessa!
Your weapon exudes an aura of protection.
Duvessa is moderately wounded.
Duvessa hits you with a +3 rapier of freezing.
Duvessa freezes you. Duvessa barely misses you.
You barely miss Duvessa.
Duvessa is moderately wounded.
Duvessa hits you with a +3 rapier of freezing.
Duvessa freezes you.
Dowan gestures wildly while chanting.
Dowan blinks!
You closely miss Duvessa.
Duvessa is moderately wounded.
Duvessa hits you with a +3 rapier of freezing.
Duvessa freezes you.
Your scale mail prevents you from hitting Duvessa.
Duvessa is moderately wounded.
Duvessa hits you with a +3 rapier of freezing!
Duvessa freezes you.
You sock Duvessa!
Your weapon exudes an aura of protection.
Duvessa is heavily wounded.
Duvessa hits you with a +3 rapier of freezing.
Duvessa freezes you.
Duvessa hits you with a +3 rapier of freezing!
* * * LOW HITPOINT WARNING * * *
Duvessa freezes you.
* * * LOW HITPOINT WARNING * * *
Flames leap up around you! Dowan hits you but does no damage.
Duvessa hits you with a +3 rapier of freezing!
You die...

#).....# ##.......###....###.#
###....###.........####...##.##
#.......'.........'...........
##....###.........####...##.##
##.#.# ##.......## #..###.#
#...# ##÷[...## #.####.# #.###
##vvv## #.#....# #.# ##e##
#.#.##.# #.# #@# #......# #.#
#####e#### ###.####
#.#####...vvv..## #.#
#...............# #.#
#######.........# #.#
#..#...#..# #.#
#..#...#..######.#
#..##............#
#.........########


You could see Duvessa (ally target) and Dowan (ally target).

Vanquished Creatures
  A scorpion (D:3)
  A jelly (D:4)
  3 orc priests
  Ijyb (D:3)
  An iguana (D:3)
  Terence (D:2)
  2 orc wizards (D:3)
  Natasha (thrice) (D:2)
  Robin (D:2)
  2 adders
  4 gnolls (D:3)
  An adder skeleton (D:4)
  2 worms (D:4)
  9 orcs
  6 ball pythons
  2 endoplasms
  2 giant cockroaches (D:1)
  10 goblins
  5 hobgoblins
  8 jackals
  4 quokkas
  3 bats
  4 frilled lizards
  4 kobolds
  3 rats
83 creatures vanquished.

Vanquished Creatures (others)
  An orc wizard (D:3)
  45 foxfires
46 creatures vanquished.

Grand Total: 129 creatures vanquished

Notes
Turn   | Place    | Note
-------+----------+-------------------------------------------
     0 | D:1      | Umoon the Djinni Cinder Acolyte began the quest for the
                  | Orb.
     0 | D:1      | Reached XP level 1. HP: 20/20 MP: 0/0
    71 | D:1      | Reached XP level 2. HP: 4/25 MP: 0/0
   662 | D:1      | Found a faded altar of an unknown god.
  1008 | D:1      | Reached skill level 1 in Armour
  1124 | D:2      | Reached XP level 3. HP: 30/30 MP: 0/0
  1124 | D:2      | Learned a level 1 spell: Apportation
  1126 | D:2      | Noticed Robin
  1356 | D:2      | Killed Robin
  1484 | D:2      | Reached XP level 4. HP: 35/35 MP: 0/0
  1487 | D:2      | Noticed Terence
  1497 | D:2      | Killed Terence
  1597 | D:2      | Noticed Natasha
  1609 | D:2      | Killed Natasha
  1610 | D:2      | Reached XP level 5. HP: 36/41 MP: 0/0
  1610 | D:2      | Learned a level 2 spell: Wereblood
  1792 | D:2      | Noticed Natasha
  1801 | D:2      | Killed Natasha
  1961 | D:2      | Noticed Natasha
  1967 | D:2      | Killed Natasha
  1968 | D:2      | Reached skill level 4 in Fighting
  2491 | D:3      | Reached XP level 6. HP: 26/47 MP: 0/0
  2890 | D:3      | Noticed Ijyb
  2890 | D:3      | Paralysed by Ijyb for 2 turns
  2898 | D:3      | Killed Ijyb
  3613 | D:3      | Reached XP level 7. HP: 36/53 MP: 0/0
  3613 | D:3      | Learned a level 2 spell: Passwall
  4505 | D:4      | Noticed Duvessa
  4524 | D:4      | Noticed Dowan
  4759 | D:3      | Reached skill level 5 in Fighting
  5063 | D:3      | Slain by Duvessa

Illustrated notes

Levels and vault maps discovered:
D:1:      minmay_arrival_solitary_statue, layout_loops_ring,
          hellmonk_ecumenical_altar_run_dry, serial_park_tiny_2,
          kennysheep_pointless_box, chequers_serial_rivers_micro_b
D:2:      layout_basic, nrook_uturn, minmay_hedge_maze,
          ebering_dispersal_statue_hall, corexii_leaking_fountain, uniq_natasha,
          uniq_terence, uniq_robin
D:3:      layout_loops_corners, uniq_ijyb
D:4:      layout_cave_pools, serial_shops, kennysheep_mini, grunt_ministairs_7,
          uniq_duvessa

Skill      XL: |  1  2  3  4  5  6  7 |
---------------+----------------------+-----
Armour         | 1 2 3 |  3.7
Axes           | 3 4 |  4.1
Fighting       | 4 5 |  5.0
Spellcasting   | 3 |  3.2

Action                   |  1- 3 |  4- 6 |  7- 9 || total
-------------------------+-------+-------+-------++-------
Melee: Hand axe          |    68 |       |       ||    68
       Falchion          |    10 |   105 |    18 ||   133
       Flail             |       |       |    86 ||    86
 Cast: Scorch            |     2 |       |       ||     2
       Wereblood         |       |     1 |       ||     1
Invok: Foxfire Swarm     |     3 |     3 |     1 ||     7
       Sea of Fire       |     1 |       |       ||     1
       Rising Flame      |       |     1 |       ||     1
Armor: Robe              |    24 |       |       ||    24
       Scale mail        |       |    50 |   100 ||   150
Dodge: Dodged            |    55 |    62 |    65 ||   182

Table legend: (Time is in decaauts)
 A = Elapsed time spent in this place.
 B = Non-inter-level travel time spent in this place.
 C = Inter-level travel time spent in this place.
 D = Time resting spent in this place.
 E = Time spent auto-exploring this place.
 F = Levels seen in this place.
 G = Mean time per level.
                   A        B        C        D        E       F      G
               +--------+--------+--------+--------+--------+-----+--------+
         Total |   5149 |   5091 |     58 |   1669 |   2257 |   4 | 1287.2 |
       Dungeon |   5149 |   5091 |     58 |   1669 |   2257 |   4 | 1287.2 |
               +--------+--------+--------+--------+--------+-----+--------+

Top non-repeatable levels by time:
     D:3: 2018 daAuts
     D:1: 1349 daAuts
     D:2: 1312 daAuts
     D:4: 468 daAuts
